 Dungeon Crawl Stone Soup version 0.30-a0-389-g8d7d949f56 (webtiles) character file.

Game seed: 15091460177999866830

129 NinjaNoafa the Sneak (level 4, 0/22 HPs)
             Began as a Spriggan Hunter on Dec 3, 2022.
             Constricted to death by Crazy Yiuf (4 damage)
             ... on level 2 of the Dungeon.
             The game lasted 00:07:32 (1902 turns).

NinjaNoafa the Sneak (Spriggan Hunter)              Turns: 1902, Time: 00:07:33

Health: 0/22       AC:  2    Str:  7    XL:     4   Next: 88%
Magic:  5/5        EV: 15    Int: 10    God:
Gold:   67         SH:  0    Dex: 20    Spells: 3/3 levels left

rFire   . . .      SeeInvis +    a - +0 shortbow
rCold   . . .      Faith    .    (shield currently unavailable)
rNeg    . . .      Spirit   .    c - +0 robe
rPois   .          Reflect  .    (helmet restricted)
rElec   .          Harm     .    (no cloak)
rCorr   .          Rampage  .    (gloves unavailable)
Will    .....                    (boots unavailable)
Stlth   ++++......               (no amulet)
HPRegen 0.23/turn                (no ring)
MPRegen 0.09/turn                (no ring)

@: grasped by roots, constricted, very quick
A: very small, no large weapons, unfitting armour, see invisible, speed 3
a: no special abilities


You were on level 2 of the Dungeon.
You visited 1 branch of the dungeon, and saw 4 of its levels.

You collected 67 gold pieces.

Inventory:

Hand Weapons
 a - a +0 shortbow (weapon)
 l - a +2 short sword of venom
Missiles
 e - 17 stones
 g - 5 poisoned darts
Armour
 c - a +0 robe (worn)
Scrolls
 b - 2 scrolls of immolation
 d - a scroll of identify {unknown}
 f - a scroll of acquirement {unknown}
 i - a scroll of summoning {unknown}
 k - a scroll of vulnerability {unknown}
 m - a scroll of poison {unknown}
 n - a scroll of teleportation {unknown}
Potions
 h - a potion of invisibility {unknown}
 j - a potion of lignification {unknown}


   Skills:
 - Level 1.5 Fighting
 - Level 4.0 Ranged Weapons
 - Level 2.6 Dodging
 + Level 7.6 Stealth


You had 3 spell levels left.
You didn't know any spells.
Your spell library contained the following spells:

 Spells                   Type           Power      Damage    Failure   Level
 Slow                     Hex            0%         N/A       36%         1
 Ozocubu's Armour         Ice            0%         N/A       75%         3
 Vhi's Electric Charge    Tloc/Air       0%         N/A       75%         3
 Arcjolt                  Conj/Air       0%         1d10      100%        5
 Metabolic Englaciation   Hex/Ice        0%         N/A       100%        5
 Simulacrum               Ice/Necr       0%         N/A       100%        6
 Maxwell's Capacitive Co  Air            0%         ∞         100%        8
 Shatter                  Erth           0%         3d5*      100%        9


Dungeon Overview and Level Annotations

Branches:
Dungeon (4/15)
 Temple: D:4-7

Altars:

Annotations:
D:2 Crazy Yiuf


Innate Abilities, Weirdness & Mutations

You are very small and have problems with some larger weapons.
You are too small for most types of armour.
You have supernaturally acute eyesight. (SInv)
You cover ground extremely quickly. (Speed+++)


Message History

Crazy Yiuf is moderately wounded.
Crazy Yiuf zaps a wand.
The roots erupt in riotous growth!
The grasping roots grab you! The grasping roots constrict you.
You shoot an arrow. The arrow hits Crazy Yiuf.
Crazy Yiuf is heavily wounded.
The grasping roots constrict you. x2
You escape the roots grasp.
You are too injured to fight recklessly!
Crazy Yiuf is nearby!
You are too injured to fight recklessly!
Fire: a) +0 shortbow
Press: ? - help, Q - select action, (/) - cycle Shift-Dir - straight line, f/p - Crazy Yiuf
Aim: Crazy Yiuf, wielding a +3 quarterstaff of chaos, wearing a +0 cloak and carrying a wand of roots (3) (heavily wounded, 68% to hit)
You shoot an arrow.
The arrow hits Crazy Yiuf but does no damage.
Crazy Yiuf is heavily wounded.
Crazy Yiuf zaps a wand.
The roots erupt in riotous growth!
The grasping roots grab you! The grasping roots constrict you.
You escape the roots grasp.
Crazy Yiuf zaps a wand.
The roots erupt in riotous growth!
The grasping roots grab you! The grasping roots constrict you.
* * * LOW HITPOINT WARNING * * *
Fire: a) +0 shortbow
Press: ? - help, Q - select action, (/) - cycle Shift-Dir - straight line, f/p - Crazy Yiuf
Aim: Crazy Yiuf, wielding a +3 quarterstaff of chaos, wearing a +0 cloak and carrying a wand of roots (1) (heavily wounded, 68% to hit)
You shoot an arrow. The arrow hits Crazy Yiuf!
Crazy Yiuf is almost dead.
The roots lose their grip on you.
Fire: a) +0 shortbow
Press: ? - help, Q - select action, (/) - cycle Shift-Dir - straight line, f/p - Crazy Yiuf
Aim: Crazy Yiuf, wielding a +3 quarterstaff of chaos, wearing a +0 cloak and carrying a wand of roots (1) (almost dead, 68% to hit)
You shoot an arrow. The arrow closely misses Crazy Yiuf.
Crazy Yiuf yells, "Shower!
Pitchfork hog Hive."
Crazy Yiuf zaps a wand.
The roots erupt in riotous growth!
The grasping roots grab you!
The now-empty wand crumbles to dust.
The grasping roots constrict you.
You die...

..### ##....## #.....#
..g.####......# #...<.#
..##..#.......####.....# #
###.#...g...........#
#######...........# #.........<.#
############...........# ######
.......................# #....#
................@....### ###....#
..#..#...............# ###......#
#....#...............###........#
####...)............#..PP..#....#
#............#.......÷........###
#.~~.~....###.......)....P...##
#P~~~...###.....#######P.....#
#..~~~......##..# #####..#
#P~~~~.........## ##..#


You could see Crazy Yiuf.

Vanquished Creatures
  Terence (D:1)
  3 adders
  An adder zombie (D:2)
  An adder skeleton (D:2)
  A worm (D:2)
  3 dart slugs (D:1)
  An orc (D:3)
  A bat skeleton (D:2)
  A bat zombie (D:2)
  4 endoplasms
  2 giant cockroaches
  10 goblins
  2 jackals (D:2)
  7 ball pythons
  6 bats
  3 frilled lizards
  A jackal skeleton (D:2)
  5 kobolds
  7 rats
60 creatures vanquished.

Vanquished Creatures (others)
  2 withered plants (D:2)
2 creatures vanquished.

Grand Total: 62 creatures vanquished

Notes
Turn   | Place    | Note
-------+----------+-------------------------------------------
     0 | D:1      | NinjaNoafa the Spriggan Hunter began the quest for the Orb.
     0 | D:1      | Reached XP level 1. HP: 10/10 MP: 2/2
    27 | D:1      | Reached skill level 2 in Stealth
    66 | D:1      | Reached skill level 3 in Stealth
   115 | D:1      | Reached XP level 2. HP: 14/14 MP: 3/3
   298 | D:1      | Reached skill level 4 in Stealth
   516 | D:1      | Got the Tome of the Vexing Quarry
   520 | D:1      | Reached XP level 3. HP: 18/18 MP: 4/4
   745 | D:1      | Reached skill level 5 in Stealth
   873 | D:2      | Found a runed translucent door.
   874 | D:2      | Noticed Crazy Yiuf
   918 | D:2      | Noticed Terence
   977 | D:1      | Killed Terence
   978 | D:1      | Reached skill level 6 in Stealth
  1021 | D:2      | Reached XP level 4. HP: 18/22 MP: 5/5
  1044 | D:2      | You fall into a shaft and drop 2 floors!
  1142 | D:3      | Found a faded altar of an unknown god.
  1452 | D:2      | Reached skill level 7 in Stealth
  1902 | D:2      | Constricted to death by Crazy Yiuf

Illustrated notes

Levels and vault maps discovered:
D:1:      lightli_arrival_lavapool, layout_basic
D:2:      layout_rooms, serial_undead, serial_undead_a, serial_undead_a,
          serial_undead_b, serial_undead_f, uniq_crazy_yiuf_cottage,
          uniq_terence
D:3:      kennysheep_the_goblin_king, layout_loops_corners,
          chequers_ecumenical_altar_simple
D:4:      layout_loops_ring, kennysheep_generic_room_8

Skill      XL: |  1  2  3  4 |
---------------+-------------+-----
Stealth        | 3 4 6 7 |  7.6
Fighting       | |  1.5
Ranged Weapons | |  4.0
Dodging        | |  2.6

Action                   |  1- 3 |  4- 6 || total
-------------------------+-------+-------++-------
 Fire: Shortbow          |    90 |    63 ||   153
Armor: Robe              |     3 |     4 ||     7
Dodge: Dodged            |    41 |    41 ||    82

Table legend: (Time is in decaauts)
 A = Elapsed time spent in this place.
 B = Non-inter-level travel time spent in this place.
 C = Inter-level travel time spent in this place.
 D = Time resting spent in this place.
 E = Time spent auto-exploring this place.
 F = Levels seen in this place.
 G = Mean time per level.
                   A        B        C        D        E       F      G
               +--------+--------+--------+--------+--------+-----+--------+
         Total |   1305 |   1258 |     47 |      0 |    846 |   4 |  326.2 |
       Dungeon |   1305 |   1258 |     47 |      0 |    846 |   4 |  326.2 |
               +--------+--------+--------+--------+--------+-----+--------+

Top non-repeatable levels by time:
     D:1: 632 daAuts
     D:2: 425 daAuts
     D:3: 230 daAuts
     D:4: 16 daAuts
